 Dungeon Crawl Stone Soup version 0.28-a0-206-gc2c9e32840 (webtiles) character file.

Game seed: 14005585664791734086

131 tilp the Sneak (level 4, 19/19 HPs)
             Began as a Felid Hedge Wizard on Aug 20, 2021.
             Was an Initiate of Nemelex Xobeh.
             Quit the game on level 5 of the Dungeon.
             The game lasted 00:13:17 (6408 turns).

tilp the Sneak (Felid Hedge Wizard)                 Turns: 6408, Time: 00:13:18

Health: 19/19      AC:  1    Str:  6    XL:     4   Next: 91%
Magic:  9/9        EV: 18    Int: 16    God:    Nemelex Xobeh [......]
Gold:   46         SH:  0    Dex: 16    Spells: 4/9 levels left
                                        Lives:  0   Deaths: 1

rFire   . . .      SeeInvis +     - Unarmed
rCold   . . .      Faith    .   (shield unavailable)
rNeg    . . .      Spirit   .   (armour unavailable)
rPois   .          Reflect  .   (helmet unavailable)
rElec   .          Harm     .   (cloak unavailable)
rCorr   .          Rampage  .   (gloves unavailable)
Will    .....                   (boots unavailable)
Stlth   +++.......              b - amulet of regeneration
HPRegen 1.06/turn               (no ring)
MPRegen 0.11/turn               (no ring)

@: studying Dodging, quick
A: very small, claws 1, fangs 3, see invisible, speed 1, shaggy fur 1, stealthy
paws, no weapons or thrown items, no armour, multi-lived
a: Renounce Religion, Draw Escape, Draw Destruction, Draw Summoning


You were on level 5 of the Dungeon.
You worshipped Nemelex Xobeh.
Nemelex Xobeh was noncommittal.
You visited 1 branch of the dungeon, and saw 5 of its levels.

You collected 1023 gold pieces.
You spent 977 gold pieces at shops.

Inventory:

Jewellery
 b - an amulet of regeneration (around neck)
 f - an amulet of faith
Wands
 e - a wand of flame (27)
Scrolls
 a - a scroll of holy word
 i - a scroll of teleportation
 j - a scroll of fear
Potions
 c - a potion of mutation
 d - a potion of curing


   Skills:
 - Level 2.0 Fighting
 - Level 4.0 Dodging
 - Level 4.0 Stealth
 - Level 2.0 Unarmed Combat
 - Level 3.0 Spellcasting
 + Level 2.4 Conjurations
 + Level 1.7 Summonings
 + Level 2.6 Translocations
 + Level 1.2 Invocations


You had 4 spell levels left.
You knew the following spells:

 Your Spells              Type           Power      Damage    Failure   Level
a - Magic Dart            Conj           40%        1d5       7%          1
b - Call Imp              Summ           7%         N/A       14%         2
c - Blink                 Tloc           N/A        N/A       10%         2

Your spell library contained the following spells:

 Spells                   Type           Power      Damage    Failure   Level
 Slow                     Hex            2%         N/A       28%         2
 Conjure Flame            Conj/Fire      6%         6-21      34%         3
 Mephitic Cloud           Conj/Pois/Air  4%         N/A       38%         3
 Blade Hands              Tmut           1%         N/A       99%         5
 Portal Projectile        Hex/Tloc       Unusable   N/A       N/A         3
 Excruciating Wounds      Necr           Unusable   N/A       N/A         5

Dungeon Overview and Level Annotations

Branches:
Dungeon (5/15)             Temple (0/1) D:4

Altars:
Nemelex Xobeh

Shops:
D:4 :   D:5 ?

Annotations:
D:4 Purgy
D:5 Duvessa


Innate Abilities, Weirdness & Mutations

You have sharp claws.
You have razor-sharp teeth.
You have supernaturally acute eyesight. (SInv)
You cover ground quickly. (Speed+)
You are covered in fur. (AC +1)
Your paws help you pounce on unaware monsters.
You are incapable of wielding weapons or throwing items.
You cannot wear armour.
You gain extra lives every three experience levels.


Message History

The killer bee zombie hits you.
Your shadow imp hits the killer bee zombie.
Your crimson imp hits the killer bee zombie.
You closely miss the killer bee zombie.
The killer bee zombie is heavily damaged.
The killer bee zombie completely misses you.
Your crimson imp closely misses the killer bee zombie.
Your shadow imp closely misses the killer bee zombie.
The killer bee zombie closely misses you.
Unknown command.
You closely miss the killer bee zombie.
The killer bee zombie is heavily damaged.
The killer bee zombie barely misses you.
Your crimson imp barely misses the killer bee zombie.
Your shadow imp hits the killer bee zombie.
The killer bee zombie hits you.
* * * LOW HITPOINT WARNING * * *
You miss the killer bee zombie.
The killer bee zombie is almost destroyed.
The killer bee zombie barely misses you.
Your shadow imp closely misses the killer bee zombie.
Your crimson imp hits the killer bee zombie.
Unknown command.
You barely miss the killer bee zombie.
The killer bee zombie is almost destroyed.
The killer bee zombie hits you.
* * * LOW HITPOINT WARNING * * *
The killer bee zombie completely misses you.
Your crimson imp misses the killer bee zombie.
Your shadow imp completely misses the killer bee zombie.
You barely miss the killer bee zombie.
The killer bee zombie is almost destroyed.
The killer bee zombie misses you. The killer bee zombie hits you!
You die...
Your shadow imp hits the killer bee zombie.
The killer bee zombie is destroyed!
You are now level 4!
You rejoin the land of the living...
Unknown command.
Are you sure you want to abandon this character and quit the game? (Confirm with "yes".)

##. . #.. . #.# # #.# #
#.# # #######.# #
#.......## ## #########
#.####...# #.
#......@####.####.#.# #.
#.#####.##..........# #.
#.#####.##†#.#.##.#.#+#.
#.##...>)....#.##.#.....
#.##.##.##.#......##.#..
#.##.##.##.###.#####.#..
#.......##.....# #.##.
####.###############....
###.############.......


There were no monsters in sight!

Vanquished Creatures
  A scorpion (D:4)
  A hound (D:5)
  3 adders
  A howler monkey skeleton (D:5)
  An adder skeleton (D:4)
  2 worms (D:2)
  An orc (D:5)
  A ball python (D:3)
  2 endoplasms
  3 giant cockroaches
  8 goblins
  8 hobgoblins
  4 jackals (D:3)
  A quokka (D:2)
  8 bats
  5 frilled lizards
  7 kobolds
  3 rats
60 creatures vanquished.

Vanquished Creatures (collateral kills)
  A scorpion (D:4)
  A hound (D:5)
  A killer bee zombie (D:5)
  3 adders
  A white imp (D:5)
  2 worms
  2 goblins (D:2)
11 creatures vanquished.

Grand Total: 71 creatures vanquished

Notes
Turn   | Place    | Note
-------+----------+-------------------------------------------
     0 | D:1      | tilp the Felid Hedge Wizard began the quest for the Orb.
     0 | D:1      | Reached XP level 1. HP: 7/7 MP: 5/5
     9 | D:1      | Reached skill level 1 in Conjurations
   279 | D:1      | Reached XP level 2. HP: 11/11 MP: 1/7
   299 | D:1      | Learned a level 2 spell: Call Imp
   302 | D:1      | Learned a level 2 spell: Blink
   892 | D:2      | Reached skill level 1 in Unarmed Combat
  1932 | D:2      | Reached XP level 3. HP: 7/14 MP: 0/8
  3082 | D:2      | Reached skill level 1 in Fighting
  3116 | D:2      | Reached XP level 4. HP: 19/19 MP: 5/9
  4415 | D:3      | Found a faded altar of an unknown god.
  4661 | D:4      | Noticed a scorpion
  4723 | D:4      | Noticed a scorpion
  4762 | D:4      | Found a sparkling altar of Nemelex Xobeh.
  4881 | D:4      | Became a worshipper of Nemelex Xobeh the Trickster
  4984 | D:4      | Noticed Purgy
  4987 | D:4      | Found a staircase to the Ecumenical Temple.
  5028 | D:4      | Found Cudwir's Self-Improvement Boutique.
  5342 | D:4      | Killed a scorpion
  5343 | D:4      | Reached XP level 5. HP: 22/22 MP: 1/10
  5659 | D:3      | Identified a scroll of acquirement
  5659 | D:3      | Acquired 783 gold pieces
  5682 | D:4      | Bought a manual of Dodging for 880 gold pieces
  5703 | D:5      | Entered Level 5 of the Dungeon
  5766 | D:5      | Noticed a sky beast
  5799 | D:5      | Identified the +1 robe "Coklisog" {Int+3}
  5813 | D:5      | Noticed Duvessa
  5828 | D:5      | Found Qerohy's Magic Scroll Boutique.
  6224 | D:5      | Bought a scroll of noise for 13 gold pieces
  6224 | D:5      | Bought a scroll of teleportation for 39 gold pieces
  6224 | D:5      | Bought a scroll of fear for 45 gold pieces
  6319 | D:5      | Reached skill level 1 in Invocations
  6407 | D:5      | Slain by a killer bee zombie
  6408 | D:5      | Reached XP level 4. HP: -5/19 MP: 6/9
  6408 | D:5      | Quit the game

Illustrated notes

Levels and vault maps discovered:
D:1:      dpeg_arrival_pond, layout_rooms
D:2:      layout_rooms, minmay_pentomino_w4
D:3:      layout_basic, basic_ecumenical_altar, minivault_19
D:4:      layout_rooms, mainiacjoe_overflow_24_doors,
          minmay_temple_entry_arrows, nicolae_shop_self_help, uniq_purgy,
          uniq_crazy_yiuf_cottage
D:5:      layout_loops_cross, led_xom_imps, mainiacjoe_overflow_surrounded_room,
          serial_shops, shop, kennysheep_potato, uniq_duvessa

Skill      XL: |  1  2  3  4  5 |
---------------+----------------+-----
Conjurations   | 1 2 |  2.4
Unarmed Combat | 2 |  2.0
Stealth        | 3 4 |  4.0
Dodging        | 3 4 |  4.0
Fighting       | 1 2 |  2.0
Translocations | 2 |  2.6
Invocations    | 1 |  1.2
Spellcasting   | |  3.0
Summonings     | |  1.7

Action                   |  1- 3 |  4- 6 || total
-------------------------+-------+-------++-------
Melee: Unarmed           |    26 |    64 ||    90
       Bite              |     4 |     3 ||     7
 Cast: Magic Dart        |    94 |    39 ||   133
       Call Imp          |    20 |    35 ||    55
  Use: Scroll            |     2 |     8 ||    10
 Stab: Sleeping          |       |     2 ||     2
Armor: Skin              |     2 |     4 ||     6
Dodge: Dodged            |    27 |    67 ||    94

Table legend: (Time is in decaauts)
 A = Elapsed time spent in this place.
 B = Non-inter-level travel time spent in this place.
 C = Inter-level travel time spent in this place.
 D = Time resting spent in this place.
 E = Time spent auto-exploring this place.
 F = Levels seen in this place.
 G = Mean time per level.
                   A        B        C        D        E       F      G
               +--------+--------+--------+--------+--------+-----+--------+
         Total |   5860 |   5573 |    287 |   2643 |   2088 |   5 | 1172.0 |
       Dungeon |   5860 |   5573 |    287 |   2643 |   2088 |   5 | 1172.0 |
               +--------+--------+--------+--------+--------+-----+--------+

Top non-repeatable levels by time:
     D:2: 1873 daAuts
     D:3: 1299 daAuts
     D:1: 1203 daAuts
     D:4: 934 daAuts
     D:5: 550 daAuts
